 Dungeon Crawl Stone Soup version 0.27-a0-203-gd48b2df3c9 (webtiles) character file.

Game seed: 5689660560660912124

411 iamserjio the Skirmisher (level 6, -10/53 HPs)
             Began as a Gnoll Abyssal Knight on Jan 30, 2021.
             Was a Follower of Lugonu.
             Mangled by a gnoll
             ... wielding a +0 halberd
              (13 damage)
             ... on level 4 of the Dungeon.
             The game lasted 00:09:15 (1150 turns).

iamserjio the Skirmisher (Gnoll Abyssal Knight)     Turns: 1150, Time: 00:09:15

Health: -10/53     AC:  8    Str:  8 (11) XL:     6   Next: 90%
Magic:  9/9        EV:  9    Int: 11 (14) God:    Lugonu [*.....]
Gold:   8          SH:  0    Dex: 10 (11) Spells: 9/9 levels left

rFire    + . .     SeeInvis .   r - +1 flail (protect)
rCold    + . .     Faith    .   (no shield)
rNeg     . . .     Spirit   .   s - +1 scale mail
rPois    .         Reflect  .   (no helmet)
rElec    .         Harm     .   d - scarf {rC+ rF+}
rCorr    .         Rampage  .   (no gloves)
Will     .....                  (no boots)
Stlth    ..........             p - amulet of regeneration
HPRegen  0.57/turn              (no ring)
MPRegen  0.11/turn              (no ring)

@: no status effects
A: distributed training, fangs 1, strong nose
a: Renounce Religion, Depart the Abyss


You were on level 4 of the Dungeon.
You worshipped Lugonu.
Lugonu was aware of your devotion.
You visited 1 branch of the dungeon, and saw 5 of its levels.
You visited the Abyss 1 time.

You collected 128 gold pieces.
You spent 120 gold pieces at shops.

Inventory:

Hand Weapons
 a - a +1 hand axe
 h - a +0 dagger
 r - a +1 flail of protection (weapon)
Missiles
 t - 2 javelins
Armour
 b - a +0 leather armour
 d - a scarf of resistance (worn)
 e - a +0 robe
 o - a +0 ring mail
 s - a +1 scale mail (worn)
Jewellery
 p - an amulet of regeneration (around neck)
 q - an uncursed ring of resist corrosion {unknown}
Scrolls
 c - 2 scrolls of remove curse {@r2}
 f - 2 scrolls of identify {@r1}
 i - a scroll of noise
 j - a scroll of teleportation {unknown}
 k - a scroll of fear {unknown}
 l - 2 scrolls of immolation
 m - a scroll of enchant armour
 n - a scroll of enchant weapon {unknown}
 v - a scroll of blinking {unknown}
 w - a scroll of fog
 x - a scroll of random uselessness
 y - a scroll of magic mapping {@r5}
Potions
 g - a potion of curing {@q1}


   Skills:
 + Level 6.9 Fighting
 + Level 2.1 Short Blades
 + Level 2.1 Long Blades
 + Level 5.1 Axes
 + Level 2.1 Maces & Flails
 + Level 2.1 Polearms
 + Level 2.1 Staves
 + Level 2.1 Slings
 + Level 2.1 Bows
 + Level 2.1 Crossbows
 + Level 2.1 Throwing
 + Level 5.1 Armour
 + Level 3.4 Dodging
 + Level 2.1 Stealth
 + Level 2.1 Shields
 + Level 2.1 Unarmed Combat
 + Level 2.1 Spellcasting
 + Level 1.7 Conjurations
 + Level 1.7 Hexes
 + Level 1.7 Summonings
 + Level 1.7 Necromancy
 + Level 1.7 Translocations
 + Level 1.7 Transmutations
 + Level 1.7 Fire Magic
 + Level 1.7 Ice Magic
 + Level 1.7 Air Magic
 + Level 1.7 Earth Magic
 + Level 1.7 Poison Magic
 + Level 5.2 Invocations
 + Level 2.1 Evocations


You had 9 spell levels left.
You didn't know any spells.
Your spell library was empty.

Dungeon Overview and Level Annotations

Branches:
Dungeon (5/15)
 Temple: D:4-7

Altars:
Elyvilon
Fedhas
Uskayaw

Shops:
D:4 ?[

Annotations:
D:4 Sigmund
D:5 Menkaure


Innate Abilities, Weirdness & Mutations

Your experience applies equally to all skills.
You have very sharp teeth.
Your uncanny sense of smell can sniff out nearby items.


Message History

The gnoll hits you with a cursed -2 club.
The gnoll hits you from afar with a +0 halberd!
The gnoll closely misses you.
As you read the scroll labelled CACZESCH MOGROF, it crumbles to dust.
It is a scroll of enchant armour.
Your +0 scale mail glows green for a moment.
The gnoll hits you from afar with a cursed +0 spear.
* * * LOW HITPOINT WARNING * * *
The gnoll barely misses you.
The gnoll hits you from afar with a +0 spear.
* * * LOW HITPOINT WARNING * * *
The gnoll closely misses you.
The gnoll sergeant hits you but does no damage.
The gnoll completely misses you. The gnoll hits you but does no damage.
The gnoll hits you with a cursed -2 club.
* * * LOW HITPOINT WARNING * * *
The gnoll hits you from afar with a +0 halberd!
* * * LOW HITPOINT WARNING * * *
The gnoll hits you with a +0 halberd!
You die...

∆
###############
......).......+
.....gggg.....#
.....ggggg....#
....ggg@gg....#
+############+#
∆


You could see a gnoll sergeant, a gnoll shaman and 12 gnolls.

Vanquished Creatures
  Edmund (D:5)
  An ogre (D:3)
  2 orc priests (D:4)
  A bullfrog skeleton (D:5)
  Terence (D:3)
  4 adders (D:3)
  2 oozes (D:4)
  A dart slug (D:1)
  2 leopard geckos (D:3)
  12 orcs
  6 bats
  3 giant cockroaches
  6 hobgoblins
  A frilled lizard (D:3)
  2 goblins
  A jackal skeleton (D:4)
  A leopard gecko skeleton (D:4)
  2 rats
49 creatures vanquished.

Notes
Turn   | Place    | Note
-------+----------+-------------------------------------------
     0 | Abyss:1  | iamserjio the Gnoll Abyssal Knight began the quest for the
                  | Orb.
     0 | Abyss:1  | Reached XP level 1. HP: 23/23 MP: 3/3
     6 | Abyss:1  | Found a corrupted altar of Lugonu.
     7 | D:1      | Escaped the Abyss
    95 | D:1      | Reached XP level 2. HP: 19/29 MP: 5/5
   217 | D:3      | Found a blossoming altar of Fedhas.
   259 | D:3      | Found a hide-covered altar of Uskayaw.
   273 | D:3      | Noticed Terence
   293 | D:3      | Killed Terence
   294 | D:3      | Reached XP level 3. HP: 35/35 MP: 6/6
   337 | D:3      | Reached skill level 1 in Short Blades
   337 | D:3      | Reached skill level 1 in Long Blades
   337 | D:3      | Reached skill level 1 in Maces & Flails
   337 | D:3      | Reached skill level 1 in Polearms
   337 | D:3      | Reached skill level 1 in Staves
   337 | D:3      | Reached skill level 1 in Slings
   337 | D:3      | Reached skill level 1 in Bows
   337 | D:3      | Reached skill level 1 in Crossbows
   337 | D:3      | Reached skill level 1 in Throwing
   337 | D:3      | Reached skill level 1 in Stealth
   337 | D:3      | Reached skill level 1 in Shields
   337 | D:3      | Reached skill level 1 in Unarmed Combat
   337 | D:3      | Reached skill level 1 in Spellcasting
   337 | D:3      | Reached skill level 1 in Evocations
   421 | D:3      | Reached * piety under Lugonu
   430 | D:3      | Reached XP level 4. HP: 27/41 MP: 7/7
   500 | D:4      | Noticed an ogre
   534 | D:5      | Entered Level 5 of the Dungeon
   577 | D:4      | Noticed a phantom
   639 | D:5      | Noticed Menkaure
   740 | D:4      | Noticed Sigmund
   740 | D:4      | Noticed an ogre
   789 | D:4      | Found Kuphim's Antique Armour Shop.
   833 | D:3      | Killed an ogre
   834 | D:3      | Reached skill level 1 in Conjurations
   834 | D:3      | Reached skill level 1 in Hexes
   834 | D:3      | Reached skill level 1 in Summonings
   834 | D:3      | Reached skill level 1 in Necromancy
   834 | D:3      | Reached skill level 1 in Translocations
   834 | D:3      | Reached skill level 1 in Transmutations
   834 | D:3      | Reached skill level 1 in Fire Magic
   834 | D:3      | Reached skill level 1 in Ice Magic
   834 | D:3      | Reached skill level 1 in Air Magic
   834 | D:3      | Reached skill level 1 in Earth Magic
   834 | D:3      | Reached skill level 1 in Poison Magic
   834 | D:3      | Reached XP level 5. HP: 10/47 MP: 8/8
   858 | D:3      | Found a white marble altar of Elyvilon.
   996 | D:5      | Noticed Edmund
  1012 | D:5      | Killed Edmund
  1013 | D:5      | Reached skill level 5 in Axes
  1013 | D:5      | Reached skill level 5 in Armour
  1013 | D:5      | Reached skill level 5 in Invocations
  1013 | D:5      | Reached XP level 6. HP: 38/53 MP: 9/9
  1088 | D:4      | Found Reju's Magic Scroll Emporium.
  1100 | D:4      | Bought a scroll of fog for 24 gold pieces
  1100 | D:4      | Bought a scroll of random uselessness for 12 gold pieces
  1100 | D:4      | Bought a scroll of magic mapping for 42 gold pieces
  1100 | D:4      | Bought a scroll of immolation for 42 gold pieces
  1150 | D:4      | Mangled by a gnoll

Illustrated notes

Levels and vault maps discovered:
D:1:      dpeg_arrival_radiant, layout_basic, amcnicky_mini_pool_small,
          minmay_misc_feat_roman
D:2:      layout_loops_cross, chequers_ecumenical_altar_lobes
D:3:      layout_basic, overflow_temple_1_default, fedhas_altar_2,
          elyvilon_altar_5, uniq_terence
D:4:      lemuel_castle_with_subvaults [lemuel_castle_interior_carwin_1],
          layout_basic, cheibriados_altar_1, serial_shops, kennysheep_mini,
          shop_coins, nicolae_shop_competitors_out_of_business,
          hangedman_decor_diamond_cutter, sigmund_army, uniq_sigmund
D:5:      layout_cave_pools, nemelex_xobeh_ov_fountains_minmay,
          minmay_misc_feat_pillars, uniq_edmund, uniq_menkaure

Skill      XL: |  1  2  3  4  5 |
---------------+----------------+-----
Short Blades   | 1 2 |  2.1
Long Blades    | 1 2 |  2.1
Maces & Flails | 1 2 |  2.1
Polearms       | 1 2 |  2.1
Staves         | 1 2 |  2.1
Slings         | 1 2 |  2.1
Bows           | 1 2 |  2.1
Crossbows      | 1 2 |  2.1
Throwing       | 1 2 |  2.1
Stealth        | 1 2 |  2.1
Shields        | 1 2 |  2.1
Unarmed Combat | 1 2 |  2.1
Spellcasting   | 1 2 |  2.1
Evocations     | 1 2 |  2.1
Dodging        | 3 |  3.4
Conjurations   | 1 |  1.7
Hexes          | 1 |  1.7
Summonings     | 1 |  1.7
Necromancy     | 1 |  1.7
Translocations | 1 |  1.7
Transmutations | 1 |  1.7
Fire Magic     | 1 |  1.7
Ice Magic      | 1 |  1.7
Air Magic      | 1 |  1.7
Earth Magic    | 1 |  1.7
Poison Magic   | 1 |  1.7
Axes           | 5 |  5.1
Armour         | 5 |  5.1
Invocations    | 5 |  5.2
Fighting       | |  6.9

Action                   |  1- 3 |  4- 6 || total
-------------------------+-------+-------++-------
Melee: Hand axe          |    36 |   107 ||   143
       Unarmed           |     8 |       ||     8
       Bite              |     2 |    21 ||    23
       Punch             |       |     1 ||     1
       Flail             |       |    47 ||    47
Invok: Depart the Abyss  |     1 |       ||     1
  Use: Potion            |     1 |     5 ||     6
       Scroll            |       |     3 ||     3
Armor: Leather armour    |    17 |     1 ||    18
       Skin              |     5 |       ||     5
       Ring mail         |       |    58 ||    58
       Scale mail        |       |    30 ||    30
Dodge: Dodged            |    36 |   134 ||   170

Table legend: (Time is in decaauts)
 A = Elapsed time spent in this place.
 B = Non-inter-level travel time spent in this place.
 C = Inter-level travel time spent in this place.
 D = Time resting spent in this place.
 E = Time spent auto-exploring this place.
 F = Levels seen in this place.
 G = Mean time per level.
                   A        B        C        D        E       F      G
               +--------+--------+--------+--------+--------+-----+--------+
         Total |   1214 |   1126 |     88 |      0 |      0 |   6 |  202.3 |
       Dungeon |   1207 |   1119 |     88 |      0 |      0 |   5 |  241.4 |
         Abyss |      7 |      7 |      0 |      0 |      0 |   1 |    7.0 |
               +--------+--------+--------+--------+--------+-----+--------+

Top non-repeatable levels by time:
     D:3: 473 daAuts
     D:4: 372 daAuts
     D:1: 129 daAuts
     D:5: 129 daAuts
     D:2: 102 daAuts
 Abyss:1: 7 daAuts
